 Dungeon Crawl Stone Soup version 0.24-a0-462-ge24419a6ad (webtiles) character file.

Game seed: 17692547542565301533

16044 Elric the Fighter (level 12, -10/116 (120) HPs)
             Began as a Merfolk Transmuter on July 2, 2019.
             Was a High Priest of Nemelex Xobeh.
             Mangled by a five-headed hydra (12 damage)
             ... on level 3 of the Lair of Beasts on July 4, 2019.
             The game lasted 00:41:45 (12414 turns).

Elric the Fighter (Merfolk Transmuter)             Turns: 12414, Time: 00:41:48

HP:   -10/116 (120) AC:  7    Str: 11    XL:     12   Next: 33%
MP:   17/24         EV: 16    Int: 16    God:    Nemelex Xobeh [*****.]
Gold: 757           SH:  0    Dex: 15    Spells: 17/27 levels left

rFire    x . .     SeeInvis .     - Unarmed
rCold    + + +     Gourm    .   (shield currently unavailable)
rNeg     . . .     Faith    .   (armour currently unavailable)
rPois    +         Spirit   .   (helmet currently unavailable)
rElec    .         Reflect  .   (cloak currently unavailable)
rCorr    .         Harm     .   (gloves currently unavailable)
MR       .....                  (boots currently unavailable)
Stlth    +.........             p - amulet of regeneration
HPRegen  0.69/turn              (no ring)
MPRegen  0.19/turn              (no ring)

@: ice-form, very slightly contaminated
A: large, (change form in water), (swift swim), (stealthy swim)
a: End Transformation, Draw Escape, Draw Destruction, Draw Summoning, Triple
Draw, Deal Four, Stack Five, Renounce Religion


You were on level 3 of the Lair of Beasts.
You worshipped Nemelex Xobeh.
Nemelex Xobeh was extremely pleased with you.
You were not hungry.
You were a creature of crystalline ice.
You visited 3 branches of the dungeon, and saw 14 of its levels.

You collected 757 gold pieces.

Inventory:

Missiles
 a - 195 arrows
 c - 73 poisoned darts (quivered)
Armour
 b - a +0 robe (melded)
 t - a +0 cloak
 u - a +0 pair of boots (melded)
 x - the cursed +0 pair of gloves of Qokueg (melded) {rPois}
   (You found it on level 5 of the Dungeon)

   It protects you from poison.
   It has a curse placed upon it.
 D - a +0 buckler (melded)
 J - the cursed +0 pair of gloves "Miohal" {Int+4}
   (You found it on level 6 of the Dungeon)

   It affects your intelligence (+4).
   It has a curse placed upon it.
 K - a +1 hat (melded)
 R - a +1 cloak
Magical Staves
 S - an uncursed staff of energy {unknown}
Jewellery
 p - an amulet of regeneration (around neck)
 L - an uncursed ring of stealth {unknown}
 P - a +3 amulet of reflection {unknown}
 Q - a cursed ring of teleportation {unknown}
Wands
 I - a wand of flame (12)
 N - a wand of polymorph (7)
Scrolls
 f - 3 scrolls of teleportation
 i - 10 scrolls of identify
 j - 6 scrolls of remove curse {unknown}
 l - 5 scrolls of enchant weapon {unknown}
 m - 4 scrolls of immolation {unknown}
 r - 2 scrolls of blinking {unknown}
 w - 8 scrolls of fear {unknown}
 y - a scroll of noise {unknown}
 B - 3 scrolls of fog {unknown}
 E - 2 scrolls of magic mapping {unknown}
 F - a scroll of enchant armour {unknown}
 O - a scroll of holy word {unknown}
Potions
 e - 2 potions of invisibility {unknown}
 g - a potion of berserk rage {unknown}
 h - 2 potions of curing {unknown}
 k - 3 potions of mutation {unknown}
 n - 4 potions of might {unknown}
 o - 2 potions of heal wounds {unknown}
 q - a potion of agility
 s - 2 potions of brilliance {unknown}
 v - a potion of haste {unknown}
 z - a potion of ambrosia {unknown}
 A - 2 potions of degeneration {unknown}
 C - 3 potions of flight {unknown}
 G - a potion of cancellation {unknown}
 H - 5 potions of lignification {unknown}
Miscellaneous
 M - a lamp of fire
Comestibles
 d - 22 rations


   Skills:
 + Level 11.3 Fighting
 - Level 0.1 Throwing
 - Level 9.8 Dodging
 + Level 10.3 Unarmed Combat
 - Level 8.0 Spellcasting
 + Level 9.9 Transmutations
 - Level 4.2 Ice Magic
 - Level 4.0 Poison Magic


You had 17 spell levels left.
You knew the following spells:

 Your Spells              Type           Power        Failure   Level  Hunger
a - Beastly Appendage     Tmut           #####.       1%          1    None
b - Sticks to Snakes      Tmut           #####...     1%          2    None
c - Spider Form           Tmut/Pois      ####......   1%          3    ##.....
d - Ice Form              Ice/Tmut       ####....     6%          4    ####...

Your spell library contained the following spells:

 Spells                   Type           Power        Failure   Level  Hunger
 Passwall                 Tmut/Erth      ###.....     2%          2    None
 Blade Hands              Tmut           #####.....   5%          5    #####..
 Apportation              Tloc           #.....       11%         1    None
 Sandblast                Erth           #.....       11%         1    None
 Summon Butterflies       Summ           #.......     11%         1    None
 Petrify                  Tmut/Erth      ###.....     14%         4    ####...
 Alistair's Intoxication  Tmut/Pois      ####....     17%         5    #####..
 Lesser Beckoning         Tloc           #.........   32%         3    ##.....
 Stone Arrow              Conj/Erth      #.....       32%         3    ##.....
 Tukima's Dance           Hex            #.......     32%         3    ##.....
 Lee's Rapid Deconstruct  Erth           #.........   97%         5    #####..
 Invisibility             Hex            #.......     100%        6    #######


Dungeon Overview and Level Annotations

Branches:
Dungeon (10/15)            Temple (1/1) D:4            Lair (3/6) D:10
  Swamp: Lair:2-4    Shoals: Lair:2-4     Snake: Lair:2-4    Spider: Lair:2-4
    Orc: D:9-12

Altars:
Ashenzari
Cheibriados
Dithmenos
Elyvilon
Fedhas
Gozag
Hepliaklqana
Kikubaaqudgha
Makhleb
Nemelex Xobeh
Okawaru
Qazlal
Ru
Sif Muna
Trog
Uskayaw
Vehumet
Wu Jian
Xom
Yredelemnul
Zin
The Shining One

Annotations:
D:5 2 transporters, Shaidar's ghost, novice HOFi
Lair:1 2 transporters, Cezizonopn's ghost, journeyman DrTm


Message History

You punch the five-headed hydra! You freeze the five-headed hydra.
The five-headed hydra is severely wounded.
The five-headed hydra bites you! x2
* * * LOW HITPOINT WARNING * * *
The five-headed hydra bites you but does no damage.
The five-headed hydra barely misses you. x2
You draw a card...
You have drawn the Shaft.
A shaft materialises beneath you!
The five-headed hydra misses you. x2; The five-headed hydra bites you.
* * * LOW HITPOINT WARNING * * *
The five-headed hydra misses you. x2
Unknown command.
You draw a card...
You have drawn Wild Magic.
Nothing appears to happen.
The five-headed hydra bites you.
* * * LOW HITPOINT WARNING * * *
The five-headed hydra bites you!
* * * LOW HITPOINT WARNING * * *
The five-headed hydra barely misses you.
The five-headed hydra bites you!
You die...
Your body glows with a rainbow of weird colours and disappears.

#...####..######
.....#....#..#.#.
.................
................^
..##............
. #...<.........
##............
##...........
#.P#..DY.......
.............?.
..P#.##..#.P..#
##### #########


You could see a five-headed hydra.

Vanquished Creatures
  3 two-headed ogres
  A centaur zombie (D:9)
  2 black mambas
  3 spiny frogs
  A rime drake (Lair:2)
  A komodo dragon (D:10)
  A troll (D:8)
  8 blink frogs
  A dream sheep (Lair:1)
  4 hippogriffs
  A wyvern (D:10)
  2 spriggans (Lair:1)
  2 yaks (Lair:1)
  2 hungry ghosts
  A water moccasin (Lair:2)
  6 porcupines
  4 ice beasts
  A hornet zombie (D:8)
  2 orc warriors
  A necrophage (D:7)
  A sky beast (D:9)
  3 wolves
  3 ogres
  An eye of draining (D:9)
  A phantom (D:10)
  5 centaurs
  4 crocodiles
  Blork the orc (D:4)
  11 bullfrogs
  A water moccasin skeleton (D:5)
  A scorpion (D:9)
  20 killer bees
  5 howler monkeys
  2 crimson imps
  2 bullfrog zombies
  3 hounds
  5 orc wizards
  3 orc priests
  A bullfrog skeleton (D:6)
  Crazy Yiuf (D:2)
  Jessica (D:3)
  3 iguanas
  Natasha (thrice) (D:3)
  7 worker ants
  A killer bee zombie (D:9)
  A hound zombie (D:10)
  A hound skeleton (D:9)
  9 adders
  2 adder skeletons
  5 worms (D:2)
  A dart slug (D:2)
  4 leopard geckos
  22 orcs
  8 bats
  6 giant cockroaches
  4 goblins
  13 hobgoblins
  7 jackals
  A quokka (D:3)
  3 ball pythons
  6 frilled lizards
  A jackal zombie (D:6)
  5 kobolds
  A leopard gecko skeleton (D:4)
  A quokka zombie (D:5)
  6 rats
243 creatures vanquished.

Vanquished Creatures (collateral kills)
  An unseen horror (D:10)
  A hippogriff (Lair:1)
  2 yaks (Lair:1)
  A porcupine (Lair:1)
  An orc priest (D:8)
  A leopard gecko (D:8)
7 creatures vanquished.

Vanquished Creatures (others)
  Gastronok (D:9)
  A killer bee (D:9)
  2 ball lightnings
  10 plants
14 creatures vanquished.

Grand Total: 264 creatures vanquished

Notes
Turn   | Place    | Note
-------+----------+-------------------------------------------
     0 | D:1      | Elric the Merfolk Transmuter began the quest for the Orb.
     0 | D:1      | Reached XP level 1. HP: 15/15 MP: 3/3
   273 | D:1      | Reached XP level 2. HP: 21/21 MP: 3/5
   901 | D:1      | Reached XP level 3. HP: 7/26 MP: 4/6
  2317 | D:2      | Learned a level 2 spell: Sticks to Snakes
  2321 | D:2      | Learned a level 3 spell: Spider Form
  2462 | D:2      | Reached XP level 4. HP: 23/32 MP: 3/7
  2571 | D:2      | Found a runed translucent door.
  2572 | D:2      | Noticed Crazy Yiuf
  2584 | D:2      | Killed Crazy Yiuf
  2840 | D:2      | Reached skill level 5 in Transmutations
  3084 | D:2      | Reached skill level 1 in Poison Magic
  3631 | D:3      | Noticed Natasha
  3639 | D:3      | Killed Natasha
  3639 | D:3      | Reached XP level 5. HP: 28/37 MP: 4/8
  3752 | D:3      | Noticed Natasha
  3764 | D:3      | Killed Natasha
  3783 | D:3      | Noticed Jessica
  3788 | D:3      | Killed Jessica
  3788 | D:3      | Reached skill level 5 in Dodging
  3803 | D:3      | Noticed Natasha
  3810 | D:3      | Killed Natasha
  3810 | D:3      | Reached skill level 2 in Fighting
  4124 | D:4      | Found a staircase to the Ecumenical Temple.
  4140 | Temple   | Entered the Ecumenical Temple
  4368 | Temple   | Became a worshipper of Nemelex Xobeh the Trickster
  4452 | D:4      | Reached XP level 6. HP: 29/46 MP: 5/9
  4641 | D:4      | Received a gift from Nemelex Xobeh
  4718 | D:4      | Reached skill level 3 in Fighting
  4780 | D:4      | Noticed Blork the orc
  4797 | D:4      | Killed Blork the orc
  4883 | D:4      | Reached skill level 4 in Fighting
  5101 | D:5      | Entered Level 5 of the Dungeon
  5127 | D:5      | Found a transporter.
  5193 | D:5      | Reached skill level 5 in Fighting
  5193 | D:5      | Reached XP level 7. HP: 35/56 MP: 6/10
  5264 | D:5      | Got a pair of pitted gloves
  5282 | D:4      | Identified the cursed +0 pair of gloves of Qokueg {rPois}
                  | (You found it on level 5 of the Dungeon)
  5323 | D:5      | Reached skill level 5 in Unarmed Combat
  5512 | D:5      | Learned a level 4 spell: Ice Form
  5606 | D:5      | Reached * piety under Nemelex Xobeh
  5662 | D:5      | Identified the ring "Macyob Deovi" {Fire *Slow Int+2 Dex+2}
  5663 | D:5      | Noticed Shaidar's ghost (novice HOFi)
  5675 | D:5      | Found a transporter.
  6019 | D:6      | Received a gift from Nemelex Xobeh
  6148 | D:6      | Reached XP level 8. HP: 60/62 MP: 9/11
  6252 | D:6      | Reached ** piety under Nemelex Xobeh
  6384 | D:6      | Got a pair of bloodstained gloves
  6385 | D:6      | Identified the cursed +0 pair of gloves "Miohal" {Int+4}
                  | (You found it on level 6 of the Dungeon)
  6404 | D:6      | Received a gift from Nemelex Xobeh
  6685 | D:7      | Found a burning altar of Makhleb.
  6814 | D:7      | Found an ornate altar of the Wu Jian Council.
  7414 | D:8      | Reached XP level 9. HP: 65/65 MP: 12/12
  7447 | D:8      | Found Tetiel's Distillery.
  7450 | D:8      | Received a gift from Nemelex Xobeh
  7488 | D:8      | Reached *** piety under Nemelex Xobeh
  7530 | D:8      | Noticed a two-headed ogre
  7765 | D:8      | Noticed a two-headed ogre
  7991 | D:8      | Killed a two-headed ogre
  8115 | D:8      | Noticed a two-headed ogre
  8128 | D:8      | Killed a two-headed ogre
  8128 | D:8      | Reached skill level 7 in Fighting
  8128 | D:8      | Reached XP level 10. HP: 62/77 MP: 10/13
  8254 | D:8      | Reached skill level 8 in Fighting
  8326 | D:9      | Noticed Gastronok
  8383 | D:9      | Killed Gastronok
  8383 | D:9      | Reached skill level 10 in Fighting
  8625 | D:9      | Noticed a two-headed ogre
  8673 | D:9      | Killed a two-headed ogre
  8673 | D:9      | Reached XP level 11. HP: 71/89 MP: 15/20
  8940 | D:9      | Received a gift from Nemelex Xobeh
  9447 | D:10     | Entered Level 10 of the Dungeon
  9587 | D:10     | Reached **** piety under Nemelex Xobeh
  9591 | D:10     | Received a gift from Nemelex Xobeh
  9670 | D:10     | Found a staircase to the Lair.
  9714 | D:10     | Reached skill level 1 in Ice Magic
  9749 | D:10     | Killed an unseen horror
 10072 | D:10     | Received a gift from Nemelex Xobeh
 10260 | Lair:1   | Entered Level 1 of the Lair of Beasts
 10353 | Lair:1   | Found a transporter.
 10458 | Lair:1   | Found a transporter.
 10462 | Lair:1   | Noticed Cezizonopn's ghost (journeyman DrTm)
 10463 | Lair:1   | Identified the cursed +0 trident of Xogi {holy, rElec rPois
                  | MP+9}
 10463 | Lair:1   | Noticed a spriggan rider
 10464 | Lair:1   | Found a bloodstained altar of Trog.
 10470 | Lair:1   | Identified the +4 trident "Semon" {pierce, +Blink MR+
                  | Dex+3}
 10470 | Lair:1   | Noticed a spriggan rider
 10472 | Lair:1   | Noticed a moth of wrath
 10484 | Lair:1   | Received a gift from Nemelex Xobeh
 10726 | Lair:1   | Found a blossoming altar of Fedhas.
 10900 | Lair:1   | Reached XP level 12. HP: 79/96 MP: 22/24
 11043 | Lair:1   | Received a gift from Nemelex Xobeh
 11297 | Lair:2   | Reached skill level 11 in Fighting
 11307 | Lair:2   | Reached skill level 10 in Unarmed Combat
 11392 | Lair:2   | Reached ***** piety under Nemelex Xobeh
 11754 | Lair:2   | Received a gift from Nemelex Xobeh
 12402 | Lair:3   | Noticed a five-headed hydra
 12414 | Lair:3   | HP: 2/116 [five-headed hydra (12)]
 12414 | Lair:3   | Mangled by a five-headed hydra

Levels and vault maps discovered:
D:1:      psy_arrival_conway, layout_basic
D:2:      minmay_inner_zag, layout_basic, first_ration, uniq_crazy_yiuf_cottage
D:3:      layout_basic, kennysheep_cluttered_room,
          ebering_dispersal_statue_hall, kennysheep_jessica_study, uniq_natasha
D:4:      layout_basic, temple_pool_b, minmay_fractal_squares_diagonal_5,
          uniq_blork_the_orc
D:5:      layout_basic, gammafunk_ghost_gnarly_gnolls
D:6:      layout_basic, corexii_mini_fake_secret_closet, chequers_mini_garden
D:7:      layout_basic, overflow_temple_1_default, bloody_makhleb
D:8:      layout_rooms, serial_shops, nicolae_shop_trees
D:9:      layout_gridville, david_nohive_1, uniq_gastronok
D:10:     layout_gridville, david_lair_shrubbed, nicolae_two_hexagons
Temple:   kilobyte_greek_temple
Lair:1:   wad_woods_stonehenge, layout_gridlike,
          gammafunk_ghost_wrathful_warriors
Lair:2:   layout_cave_pods
Lair:3:   layout_small_grid, minmay_shoals_entry_lonely_mermaid,
          grunt_forest_large_clearings

Skill      XL: |  1  2  3  4  5  6  7  8  9 10 11 12 |
---------------+-------------------------------------+-----
Dodging        | 3 4 5 9 |  9.8
Transmutations | 3 4 5 8 9 |  9.9
Poison Magic   | 1 4 |  4.0
Fighting       | 2 5 7 10 11 | 11.3
Unarmed Combat | 6 8 9 10 | 10.3
Spellcasting   | 6 8 |  8.0
Ice Magic      | 4 |  4.2
Throwing       | |  0.1

Action                   |  1- 3 |  4- 6 |  7- 9 | 10-12 || total
-------------------------+-------+-------+-------+-------++-------
Melee: Unarmed           |   128 |   146 |   218 |   460 ||   952
       Headbutt          |    15 |    14 |    12 |    10 ||    51
       Tailslap          |     4 |     2 |       |       ||     6
       Punch             |       |     1 |       |       ||     1
Throw: Dart              |     6 |     2 |     5 |       ||    13
 Cast: Beastly Appendage |    24 |    19 |    16 |     8 ||    67
       Spider Form       |     1 |    16 |    22 |    52 ||    91
       Sticks to Snakes  |     1 |     1 |     4 |       ||     6
       Ice Form          |       |       |       |     2 ||     2
 Abil: Draw Destruction  |       |       |    11 |    16 ||    27
       Draw Escape       |       |       |     3 |     4 ||     7
       Draw Summoning    |       |       |       |     3 ||     3
  Use: Scroll            |       |       |     5 |       ||     5
 Stab: Sleeping          |     1 |       |       |     1 ||     2
  Eat: Chunk             |     1 |    12 |     3 |    15 ||    31
       Ration            |     1 |       |     3 |     2 ||     6
Armor: Robe              |    27 |    14 |    11 |    15 ||    67
       Skin              |       |     1 |     1 |     5 ||     7
Dodge: Dodged            |   110 |   127 |   196 |   521 ||   954
Block: Buckler           |       |       |     7 |     9 ||    16

Table legend:
 A = Non-vault XP
 B = Vault XP
 C = Vault XP percentage of total XP
 D = Non-vault monster count
 E = Vault monster count
 F = Vault count percentage of total count
                 A         B        C        D         E       F
            +---------+---------+-------+---------+---------+-------
      Total |   17440 |    5480 |  23.9 |     214 |      38 |  15.1
            +---------+---------+-------+---------+---------+-------
        D:1 |      43 |       0 |   0.0 |      25 |       0 |   0.0
        D:2 |      62 |      45 |  42.1 |      20 |       5 |  20.0
        D:3 |      83 |      74 |  47.1 |      11 |       3 |  21.4
        D:4 |      60 |     121 |  66.9 |      11 |       5 |  31.2
        D:5 |     623 |       0 |   0.0 |      14 |       0 |   0.0
        D:6 |     390 |       0 |   0.0 |      12 |       0 |   0.0
        D:7 |     702 |       0 |   0.0 |      10 |       0 |   0.0
        D:8 |    3328 |     312 |   8.6 |      26 |       1 |   3.7
        D:9 |    2888 |    3279 |  53.2 |      29 |      17 |  37.0
       D:10 |    1788 |     350 |  16.4 |      19 |       1 |   5.0
     Lair:1 |    4088 |    1299 |  24.1 |      21 |       6 |  22.2
     Lair:2 |    3385 |       0 |   0.0 |      16 |       0 |   0.0
            +---------+---------+-------+---------+---------+-------
